[Event "Chinese League Division-A 2024"]
[Site "Fuling Chongqing"]
[Date "2024.06.26"]
[Round "1.1"]
[White "Wan, Yunguo"]
[Black "Li, Chao b"]
[Result "1/2-1/2"]
[ECO "B52"]
[WhiteElo "2498"]
[BlackElo "2645"]
[Annotator "TA"]
[PlyCount "63"]
[EventDate "2024.06.28"]
[EventType "team-tourn"]
[EventCountry "CHN"]
[SourceTitle "playchess.com"]
[Source "ChessBase"]
[SourceQuality "1"]
[TimeControl "40/5400+30:1800+30"]

1. e4 c5 2. Nf3 d6 3. Bb5+ Bd7 4. Bxd7+ Qxd7 5. c4 Nf6 6. Nc3 g6 7. O-O Bg7 8. d4 cxd4 9. Nxd4 O-O 10. f3 Rc8 11. b3 d5 12. exd5 Nxd5 13. Nxd5 e6 14. Bh6 {[%emt 0:03:16] [#] Bxg7 is the strong threat.} exd5 15. Bxg7 Kxg7 16. Nb5 dxc4 17. Nd6 (17. Qxd7 {simplifies} Nxd7 18. Nd6 Rc6 19. Nxc4 b5 20. Ne3) 17... Rd8 (17... Rc6 {simplifies} 18. Nxc4 Re6 19. Qxd7 Nxd7 20. Rad1 Nf6) 18. Nxb7 Qxd1 19. Rb1 $2 (19. Rfxd1 $11 Rxd1+ 20. Rxd1) 19... Qxf1+ 20. Rxf1 {[%emt 0:00:30] [#]} Rd1 $2 21. Rxd1 $11 {[%emt 0:00:06] The position is equal.} cxb3 22. axb3 {[%emt 0:00:07][%mdl 4096] Endgame. KRN-KRN} Nc6 {[%emt 0:00:15] Prevents Rd8} 23. Rd6 Rb8 24. Rxc6 Rxb7 {[%emt 0:00:04] KR-KR} 25. Ra6 Rxb3 26. Rxa7 h5 27. h4 Rb4 28. g3 Rb1+ 29. Kf2 Rb2+ 30. Kg1 Rb1+ 31. Kf2 Rb2+ 32. Kg1 {[%emt 0:00:06] Weighted Error Value: White=0.43/Black=0.60.  Loses game:     	White=1     	---        Inaccurate:     	---       	Black=1      OK:         	White=11    	Black=9      Best:        	White=1     	Black=2} 1/2-1/2

[Event "Chinese League Division-A 2024"]
[Site "Fuling Chongqing"]
[Date "2024.06.26"]
[Round "1.2"]
[White "Xiu, Deshun"]
[Black "Nie, Xinyang"]
[Result "1-0"]
[ECO "D37"]
[WhiteElo "2514"]
[BlackElo "2395"]
[Annotator "TA"]
[PlyCount "85"]
[EventDate "2024.06.28"]
[EventType "team-tourn"]
[EventCountry "CHN"]
[SourceTitle "playchess.com"]
[Source "ChessBase"]
[SourceQuality "1"]
[TimeControl "40/5400+30:1800+30"]

1. d4 d5 2. c4 e6 3. Nc3 a6 4. cxd5 exd5 5. Nf3 Nf6 6. Bg5 Be6 7. e3 Nbd7 8. Bd3 {[%emt 0:00:16] The position is equal.} Bd6 9. O-O c6 10. Bf4 Qc7 11. Qd2 O-O 12. h3 Rfe8 13. Rfe1 Rac8 14. Rac1 Qb8 15. Bb1 Nf8 16. Bxd6 Qxd6 17. Nh2 Rcd8 18. f3 Bc8 19. Rcd1 Ne6 20. Ne2 c5 21. dxc5 Qxc5 22. Nd4 Qb6 23. Ng4 Nxg4 24. hxg4 Nf8 25. Rc1 Ne6 26. Kf2 Nxd4 27. Qxd4 Qxd4 28. exd4 Bd7 29. Rc7 {[%emt 0:11:33][%cal Oc7d7] Black must now prevent Rxd7!} Bb5 30. Rxb7 {[%emt 0:06:38] White is more active.} Kf8 31. Rh1 (31. Bxh7 $2 {too greedy.} Rxe1 32. Kxe1 Re8+ 33. Kd2 g6 $19) 31... h6 {[%emt 0:02:54] [#]} 32. g5 $1 Rd6 (32... Re2+ 33. Kg3) 33. Kg3 Re2 34. b3 Rd2 (34... Rb2 $16 35. Rc7 Rc6) 35. a4 $18 Bd7 36. gxh6 gxh6 {[%emt 0:00:06][%cal Of8g7] [#]} 37. Rb8+ (37. Rc1 $1 $16) 37... Kg7 $2 {[%emt 0:00:25][%mdl 8192] [#] This move loses the game for Black.} (37... Ke7 $1 $14) 38. Rd8 $1 {[%emt 0:00:41] White is clearly winning.} Rxd4 39. Bf5 Rf6 40. Bxd7 Rg6+ 41. Kh2 Rd6 42. Re1 Rh4+ 43. Kg3 {[%emt 0:02:02] Weighted Error Value: White=0.09 (flawless) /Black=0.28 (precise) .  Loses game:     	---       	Black=1      Mistake:       	White=1     	Black=1      Inaccurate:     	White=1     	Black=5      OK:         	White=17    	Black=9      Best:        	White=1     	---        Strong:       	White=1     	---} 1-0

[Event "Chinese League Division-A 2024"]
[Site "Fuling Chongqing"]
[Date "2024.06.26"]
[Round "1.3"]
[White "Peng, Xiongjian"]
[Black "Zhang, Di"]
[Result "0-1"]
[ECO "B51"]
[WhiteElo "2521"]
[BlackElo "2362"]
[Annotator "TA"]
[PlyCount "96"]
[EventDate "2024.06.28"]
[EventType "team-tourn"]
[EventCountry "CHN"]
[SourceTitle "playchess.com"]
[Source "ChessBase"]
[SourceQuality "1"]
[TimeControl "40/5400+30:1800+30"]

1. e4 c5 2. Nc3 Nc6 3. Nf3 d6 4. Bb5 e5 5. d3 Nf6 6. a4 {[%emt 0:00:05] B51: Sicilian: Moscow Variation (3 Bb5+) without 3...Bd7.} Be7 7. O-O O-O 8. Bc4 h6 9. Re1 Be6 10. Nd2 $146 ({Predecessor:} 10. Bd2 Qd7 11. h3 Bd8 12. Nh2 Nh7 13. Nf1 f5 14. exf5 Bxc4 15. dxc4 Qxf5 16. Ne4 {½-½ Sherwood,R (2416)-Jones,I (2409) WLS Inv10 email 2021}) 10... d5 11. exd5 Nxd5 12. Bxd5 Bxd5 13. Nc4 f6 14. Be3 f5 15. f3 b6 16. Bf2 Bf6 17. Nxd5 Qxd5 18. a5 b5 19. Ne3 Qe6 20. c4 bxc4 (20... Nb4 $1 $15 21. Qb3 (21. cxb5 Rad8 $17) 21... Rad8) 21. Nxc4 $11 Qd5 22. Ne3 Qe6 23. Nc4 Qd5 24. Rc1 Rfd8 25. Ne3 ({White should play} 25. Qa4 $11) 25... Qe6 $15 (25... Qxd3 $6 26. Rxc5 Qxd1 27. Rxd1 Rxd1+ 28. Nxd1 $14) 26. Rxc5 Nb4 27. Qa4 Nxd3 28. Rc6 Qf7 29. Re2 Rd4 30. Qb5 Nf4 31. Re1 Qg6 32. Bg3 Nd3 33. Nd5 $1 Qe8 (33... Nxe1 $2 34. Ne7+ Bxe7 35. Rxg6 $18) 34. Rd1 $2 {[%emt 0:05:27][%mdl 8192] [#]} (34. Nxf6+ $11 {and White stays safe.} gxf6 35. Qb3+ Qf7 36. Qxf7+ Kxf7 37. Rd1) 34... Rb8 $1 $19 35. Nc7 (35. Nxf6+ gxf6 36. Qa6 Nb4 (36... Nxb2 $2 37. Rxd4 exd4 38. Bxb8 $18) 37. Rxd4 Nxa6) 35... Qf8 (35... Nxb2 36. Rxd4 Rxb5 37. Nxe8 $15) 36. Qxd3 ({And not} 36. Qa6 Nb4 (36... Nxb2 $2 37. Rxd4 exd4 38. Ne6 $18) 37. Rxd4 Nxa6) 36... Rxd3 (36... Rxb2 $2 {loses.} 37. Qf1 Qd8 38. Rcc1 $18) 37. Rxd3 e4 38. fxe4 (38. Rd1 $142 Qb4 (38... Rxb2 $2 39. Nd5 $19) 39. Nd5 Bd4+ (39... Qxb2 40. Nxf6+ gxf6 41. Bxb8 $11) 40. Kh1) 38... fxe4 39. Rd1 Rxb2 40. Nd5 Bd4+ 41. Kh1 Rd2 42. Rb1 Qf7 43. Nf4 Qb7 44. Rcc1 Rb2 45. Ra1 e3 46. a6 Qe4 47. h3 e2 48. Ra4 Qe3 0-1

[Event "Chinese League Division-A 2024"]
[Site "Fuling Chongqing"]
[Date "2024.06.26"]
[Round "1.4"]
[White "Li, Ruofan"]
[Black "Sun, Fanghui"]
[Result "1/2-1/2"]
[ECO "D73"]
[WhiteElo "2321"]
[BlackElo "2115"]
[Annotator "RC"]
[PlyCount "70"]
[EventDate "2024.06.28"]
[EventType "team-tourn"]
[EventCountry "CHN"]
[SourceTitle "playchess.com"]
[Source "ChessBase"]
[SourceQuality "1"]
[TimeControl "40/5400+30:1800+30"]

1. d4 d5 2. Nf3 Nf6 3. g3 g6 4. Bg2 c6 5. O-O Bg7 6. c4 dxc4 7. a4 O-O 8. Na3 Be6 9. Ng5 Bd5 10. e4 h6 11. exd5 hxg5 12. dxc6 Nxc6 13. Nxc4 Qxd4 14. Qb3 Rac8 15. Bxg5 Qg4 16. Be3 Nd4 17. Bxd4 Qxd4 18. Na5 Qb6 19. Qxb6 axb6 20. Nxb7 Rc2 21. b4 Ng4 22. Rad1 Ra2 23. h3 Ne5 24. f4 Nc4 25. Bd5 Rc2 26. Rc1 Bd4+ 27. Kh1 Ne3 28. Rxc2 Nxf1 29. g4 Ne3 30. Rd2 Bc3 31. Rd3 Nxd5 32. Rxd5 Bxb4 33. Rb5 Bd2 34. Rxb6 Ra8 35. a5 Bxa5 1/2-1/2

[Event "Chinese League Division-A 2024"]
[Site "Fuling Chongqing"]
[Date "2024.06.26"]
[Round "1.5"]
[White "Zhang, Lanlin"]
[Black "Wang, Yu A."]
[Result "1/2-1/2"]
[ECO "C71"]
[WhiteElo "2161"]
[BlackElo "2234"]
[Annotator "RC"]
[PlyCount "62"]
[EventDate "2024.06.28"]
[EventType "team-tourn"]
[EventCountry "CHN"]
[SourceTitle "playchess.com"]
[Source "ChessBase"]
[SourceQuality "1"]
[TimeControl "40/5400+30:1800+30"]

1. e4 e5 2. Nf3 Nc6 3. Bb5 a6 4. Ba4 d6 5. d4 Bd7 6. d5 Nb8 7. Bb3 g6 8. c4 Bg7 9. Nc3 Nf6 10. c5 O-O 11. cxd6 cxd6 12. h3 b5 13. Bc2 a5 14. a3 Na6 15. Be3 b4 16. axb4 Nxb4 17. Bb1 Qc7 18. O-O Rfb8 19. Qd2 a4 20. Rc1 Qb7 21. Ne1 Nh5 22. Nd1 Rc8 23. Rxc8+ Rxc8 24. Nc3 Ra8 25. Nd3 Nxd3 26. Bxd3 Nf4 27. Bf1 Qb4 28. Nb5 Qxd2 29. Bxd2 Bxb5 30. Bxb5 Rb8 31. Bxa4 Rxb2 1/2-1/2

[Event "Chinese League Division-A 2024"]
[Site "Fuling Chongqing"]
[Date "2024.06.26"]
[Round "1.6"]
[White "Xu, Yi"]
[Black "Wang, Yue"]
[Result "1/2-1/2"]
[ECO "B22"]
[WhiteElo "2496"]
[BlackElo "2652"]
[Annotator "TA"]
[PlyCount "80"]
[EventDate "2024.06.28"]
[EventType "team-tourn"]
[EventCountry "CHN"]
[SourceTitle "playchess.com"]
[Source "ChessBase"]
[SourceQuality "1"]
[TimeControl "40/5400+30:1800+30"]

1. e4 c6 2. d4 d5 3. exd5 cxd5 4. c4 Nf6 5. Nc3 e6 6. Nf3 Bb4 7. cxd5 Nxd5 8. Bd2 O-O 9. Bd3 Nf6 10. O-O Be7 11. Bg5 Nc6 12. Rc1 h6 13. Bh4 Qb6 14. Na4 Qa5 15. a3 Rd8 16. b4 Qh5 17. Bg3 e5 {[%emt 0:08:04] aiming for ...e4.} 18. dxe5 ({Don't play} 18. Bxe5 Bg4 19. Re1 Bxf3 20. Qxf3 Qxf3 21. gxf3 Nxe5 22. Rxe5 Rxd4 $11) 18... Bf5 19. Nb2 Bxd3 20. Nxd3 Ne4 21. Qc2 Ng5 22. Nxg5 Bxg5 23. Qd1 Qg6 24. Rc3 Nd4 {[%emt 0:04:43] ...Nb5 would now be deadly.} 25. f4 Be7 (25... Nb5 $5 26. Rb3 $8 Nd4 $11) 26. Bf2 (26. Nc1 $5) 26... Nb5 27. Rb3 Qe4 28. Qf3 (28. Bc5 {is interesting.} Bxc5+ 29. Nxc5 Qc4 30. Qc1) 28... Qxf3 29. gxf3 Rac8 30. Bc5 Kf8 31. Rc1 (31. Be3 $11) 31... b6 (31... Bxc5+ $1 $15 32. Rxc5 Nd4) 32. Be3 $11 Rxc1+ 33. Nxc1 Rc8 34. Ne2 Rc2 35. Nd4 Nxd4 36. Bxd4 Ke8 37. f5 Rd2 ({Black should try} 37... Bg5 $11) 38. Bf2 $1 $14 Rd5 39. f4 f6 40. Re3 Kf7 {[%emt 0:00:00] Weighted Error Value: White=0.11 (very precise) /Black=0.13 (very precise) .  Mistake:       	White=1     	Black=2      Inaccurate:     	White=3     	Black=3      OK:         	White=10    	Black=12     Best:        	White=1     	---        Strong:       	White=1     	---} 1/2-1/2

[Event "Chinese League Division-A 2024"]
[Site "Fuling Chongqing"]
[Date "2024.06.26"]
[Round "1.7"]
[White "Dai, Changren"]
[Black "Lou, Yiping"]
[Result "1-0"]
[ECO "C28"]
[WhiteElo "2502"]
[BlackElo "2442"]
[Annotator "TA"]
[PlyCount "101"]
[EventDate "2024.06.28"]
[EventType "team-tourn"]
[EventCountry "CHN"]
[SourceTitle "playchess.com"]
[Source "ChessBase"]
[SourceQuality "1"]
[TimeControl "40/5400+30:1800+30"]

1. e4 e5 2. Bc4 Nc6 3. Nc3 Nf6 4. d3 Na5 5. Qf3 c6 6. Nge2 {[%emt 0:01:43] C28: Vienna Game: 2...Nf6 3 Bc4 Nc6.} b5 7. Bb3 b4 8. Nd1 Nxb3 9. axb3 h6 $146 ({Predecessor:} 9... d5 10. h3 Be6 11. O-O Qd7 12. Bg5 Be7 13. Bxf6 Bxf6 14. Ne3 O-O 15. Ng3 Bd8 {0-1 Micha Massisimo,S (1689)-Alonso Gimenez,M (1925) Foment Martinenc op-A 23rd 2023 (4)}) 10. Ne3 d5 11. h3 g6 12. O-O Bg7 13. Bd2 dxe4 14. dxe4 (14. Qg3 Nh5 (14... exd3 15. Qxe5+ Kf8 16. Bxb4+ Kg8 17. cxd3 $11) 15. Qh2 exd3 $17) 14... c5 (14... Qxd2 $2 15. Rfd1 $18) 15. Nc4 Qc7 16. Ra5 Bb7 17. Ng3 $1 Nd7 18. Qd3 O-O 19. Qd6 Rfc8 20. Rfa1 Bc6 21. Qxc7 Rxc7 22. f3 Bf8 23. Nf1 f5 24. exf5 gxf5 25. Nfe3 f4 26. Ng4 $1 Bg7 27. Nf2 Rd8 28. Rxa7 Rxa7 29. Rxa7 Nb6 30. Bc1 (30. Na5 $1 $16 {Bxb4 would now be deadly.} Bxf3 (30... Rxd2 31. Nxc6 Rxc2 32. Ne7+ Kh7 33. Nf5 $18) 31. gxf3 Rxd2 32. Rb7) 30... Nxc4 $14 31. bxc4 e4 32. fxe4 (32. Rc7 $2 e3 33. Kf1 (33. Rxc6 $2 Rd1+ 34. Nxd1 e2 $19) 33... exf2 34. Bxf4 Be8 $19) 32... Bxe4 33. Nxe4 Rd1+ 34. Kf2 Rxc1 35. b3 (35. Nxc5 Bd4+ (35... Rxc2+ 36. Kf3 $17) 36. Kf3 Bxc5 37. Ra8+ Kg7 $19) 35... h5 (35... Bd4+ $14 36. Kf3 Rxc2) 36. Rc7 (36. Nxc5 $2 Bd4+ (36... Rxc2+ 37. Kf3 $16) 37. Kf3 Bxc5 $19) 36... Bd4+ 37. Kf3 Rf1+ 38. Ke2 Rg1 39. Nxc5 Rxg2+ 40. Kf3 Rxc2 41. Kxf4 Rc3 $2 (41... Bg1 $16 {is tougher.} 42. Ke4 Bxc5 43. Rxc5 Rc3) 42. Ne6 $18 Bf2 43. Kf5 Bh4 44. c5 Rxb3 45. c6 Rf3+ {[%emt 0:02:12] [#]} 46. Ke4 $1 Rc3 47. Kd5 (47. Rg7+ $142 Kh8 48. c7 (48. Kd5 Rd3+ 49. Ke5 Ra3 $16)) 47... b3 48. Rg7+ Kh8 49. Rb7 Bf2 $2 (49... Bg3 $18 50. Nd4 h4 51. Rxb3 (51. Nxb3 Bh2 $18) 51... Rc1) 50. c7 Bg3 {[%emt 0:01:00] [#]} 51. Rxb3 ({Weaker is} 51. Kd4 Rc6 $16) (51. Rb8+ $142 $3 Kh7 52. Rxb3 (52. c8=Q Rxc8 53. Rxb3 Be1 $11) 52... Rxc7 53. Nxc7 (53. Rxg3 Rc1 $18) 53... Bf2 54. Rf3 Bh4 55. Ne8 Kg6 56. Nd6) 1-0

[Event "Chinese League Division-A 2024"]
[Site "Fuling Chongqing"]
[Date "2024.06.26"]
[Round "1.8"]
[White "Gong, Sunle"]
[Black "Wang, Shixu B"]
[Result "1/2-1/2"]
[ECO "E32"]
[WhiteElo "2239"]
[BlackElo "2422"]
[Annotator "RC"]
[PlyCount "134"]
[EventDate "2024.06.28"]
[EventType "team-tourn"]
[EventCountry "CHN"]
[SourceTitle "playchess.com"]
[Source "ChessBase"]
[SourceQuality "1"]
[TimeControl "40/5400+30:1800+30"]

1. d4 Nf6 2. c4 e6 3. Nc3 Bb4 4. Qc2 d6 5. a3 Bxc3+ 6. Qxc3 O-O 7. Nf3 b6 8. e3 Bb7 9. Be2 Nbd7 10. O-O Ne4 11. Qc2 f5 12. b4 Rf6 13. d5 exd5 14. cxd5 Bxd5 15. Bb2 Rg6 16. Bc4 Bxc4 17. Qxc4+ Kh8 18. Rac1 c5 19. Qf7 Nef6 20. Rfd1 Qe8 21. Qxe8+ Nxe8 22. Rd5 Nc7 23. Rxf5 Kg8 24. Rd1 Re8 25. Rf4 d5 26. Nh4 Rge6 27. Nf5 Ne5 28. bxc5 bxc5 29. Ra4 Nc4 30. Bc3 Nb5 31. Ba1 Rg6 32. Nxg7 Rxg7 33. Bxg7 Kxg7 34. Rxd5 Nb6 35. Rg4+ Kh8 36. Rxc5 Nxa3 37. Ra5 Rd8 38. h4 Nac4 39. Rxa7 Ne5 40. Re4 Ng6 41. h5 Nf8 42. h6 Rd1+ 43. Kh2 Rd6 44. Rh4 Nbd7 45. Ra8 Kg8 46. Ra5 Nf6 47. Rha4 Nd5 48. Ra6 Nb6 49. Rg4+ Kh8 50. Rh4 Kg8 51. e4 Nfd7 52. f4 Kf7 53. Ra5 Rd4 54. e5 Nd5 55. Ra2 Nxe5 56. Ra7+ Ne7 57. Kg3 N5g6 58. Rg4 Kf6 59. Kf3 Rd1 60. g3 Rh1 61. Kg2 Rxh6 62. Ra6+ Kf7 63. Kg1 Rh5 64. Kg2 Rb5 65. Kh3 Rh5+ 66. Kg2 Rb5 67. Kh3 Rh5+ 1/2-1/2

[Event "Chinese League Division-A 2024"]
[Site "Fuling Chongqing"]
[Date "2024.06.26"]
[Round "1.9"]
[White "Xiao, Yiyi"]
[Black "Ju, Wenjun"]
[Result "1/2-1/2"]
[ECO "D02"]
[WhiteElo "2338"]
[BlackElo "2558"]
[Annotator "TA"]
[PlyCount "62"]
[EventDate "2024.06.28"]
[EventType "team-tourn"]
[EventCountry "CHN"]
[SourceTitle "playchess.com"]
[Source "ChessBase"]
[SourceQuality "1"]
[TimeControl "40/5400+30:1800+30"]

1. d4 Nf6 2. Nf3 d5 3. Bf4 c5 4. e3 e6 5. Nbd2 Nc6 6. c3 Be7 7. h3 Bd6 8. dxc5 Bxc5 9. Bd3 Bd6 10. Bxd6 Qxd6 11. O-O O-O 12. e4 Rd8 13. Bc2 dxe4 14. Nxe4 Nxe4 15. Bxe4 Qxd1 16. Rfxd1 Bd7 {[%emt 0:00:03] The position is equal.} 17. Nd4 Kf8 18. Nxc6 (18. Bxh7 $2 {is the wrong capture.} g6 19. Nf3 Kg7 $19) 18... Bxc6 19. Bxc6 (19. Bxh7 $2 {too greedy.} g6 20. a4 Rxd1+ 21. Rxd1 Bxa4 $19 (21... Kg7 $2 22. Bxg6 Kxg6 23. a5 $19)) 19... bxc6 $11 {[%emt 0:00:02][%mdl 4096] Endgame. KRR-KRR} 20. Kf1 Ke7 21. Ke2 Rd5 22. Rxd5 exd5 {[%emt 0:05:31] KR-KR} 23. Kd3 Kd6 24. c4 Re8 25. Rc1 Re5 26. Rc3 dxc4+ 27. Rxc4 a5 28. Rh4 h5 29. Rd4+ Kc7 30. h4 Rf5 31. f3 g6 {[%emt 0:01:57] An interesting draw.   Weighted Error Value: White=0.03 (flawless) /Black=0.04 (flawless) .  OK:         	White=7     	Black=8      Best:        	---       	Black=1} 1/2-1/2

[Event "Chinese League Division-A 2024"]
[Site "Fuling Chongqing"]
[Date "2024.06.26"]
[Round "1.10"]
[White "Ni, Shiqun"]
[Black "Jiang, Tianyu"]
[Result "1-0"]
[ECO "C54"]
[WhiteElo "2352"]
[BlackElo "1995"]
[Annotator "RC"]
[PlyCount "63"]
[EventDate "2024.06.28"]
[EventType "team-tourn"]
[EventCountry "CHN"]
[SourceTitle "playchess.com"]
[Source "ChessBase"]
[SourceQuality "1"]
[TimeControl "40/5400+30:1800+30"]

1. e4 e5 2. Nf3 Nc6 3. Bc4 Bc5 4. c3 Nf6 5. d3 d6 6. O-O a6 7. a4 Ba7 8. Re1 O-O 9. h3 h6 10. Nbd2 Re8 11. b4 Be6 12. Bxe6 Rxe6 13. Bb2 Qd7 14. Nf1 Rd8 15. b5 Ne7 16. c4 Ng6 17. Ng3 c6 18. Qb3 Qc7 19. d4 Ree8 20. c5 dxc5 21. dxe5 Nd7 22. bxa6 bxa6 23. Nf5 c4 24. Qxc4 Ndxe5 25. Nxe5 Nxe5 26. Bxe5 Rxe5 27. Qxa6 Rd2 28. Re2 Ra5 29. Qc4 Rc5 30. Qxc5 Rxe2 31. Qc3 f6 32. Qc4+ 1-0

[Event "Chinese League Division-A 2024"]
[Site "Fuling Chongqing"]
[Date "2024.06.26"]
[Round "1.11"]
[White "Huang, Renjie"]
[Black "Jiang, Haochen"]
[Result "1-0"]
[ECO "C65"]
[WhiteElo "2480"]
[BlackElo "2290"]
[Annotator "TA"]
[PlyCount "75"]
[EventDate "2024.06.28"]
[EventType "team-tourn"]
[EventCountry "CHN"]
[SourceTitle "playchess.com"]
[Source "ChessBase"]
[SourceQuality "1"]
[TimeControl "40/5400+30:1800+30"]

1. e4 e5 2. Nf3 Nc6 3. Bb5 Nf6 4. d3 Bc5 5. c3 d6 6. O-O O-O 7. h3 Ne7 8. d4 Bb6 9. Re1 Ng6 {[%emt 0:03:14] The position is equal.} 10. Nbd2 c6 11. Bf1 Re8 12. Qc2 d5 13. exd5 exd4 14. Rxe8+ Qxe8 15. c4 Qe7 16. Nb3 {[%emt 0:15:39] d6 is the strong threat.} c5 17. Bg5 Bd7 18. Re1 Qd6 19. Bd3 Ba4 20. Qc1 Re8 21. Nbd2 Bc7 {[%emt 0:01:43] [#]} 22. b4 $1 cxb4 23. Bxf6 Qxf6 24. Ne4 Qd8 {[%emt 0:06:16] [#]} (24... Qf4 $2 25. Nc5 Qxc1 26. Rxc1 $18) ({Better is} 24... Qe7 $1 $14) 25. Nc5 $1 $36 {[%emt 0:02:08][%mdl 2048] Threatens to win with Bxg6. Black is under strong pressure.} Nf4 {[%emt 0:04:42][%cal Ob7b6] [#]} 26. Bf1 $1 b5 {[%emt 0:03:39] Black cannot hold the game after this.} (26... Bd7 $16) 27. cxb5 (27. Nxd4 Rxe1 28. Qxe1 Bb6 $18) 27... Rxe1 28. Qxe1 Bc2 29. Nxd4 (29. Qxb4 Qxd5 30. Nxd4 Nxh3+ 31. gxh3 Qg5+ 32. Bg2 (32. Kh1 $2 Qf4 $19) 32... Qc1+ 33. Bf1 Qg5+ 34. Bg2 (34. Kh1 $2 Qf4 $19) 34... Qc1+ 35. Bf1 Qg5+ $11) 29... Bg6 (29... g6 {keeps fighting.} 30. g3 (30. Nxc2 Qd6 $18) 30... Nh5 31. Nxc2 Nxg3) 30. Nc6 ({Stronger than} 30. Qxb4 Nxh3+ 31. gxh3 Qg5+ 32. Bg2 (32. Kh1 $2 Qf4 $19) 32... Qc1+ 33. Bf1 Qg5+ 34. Bg2 (34. Kh1 $2 Qf4 $19) 34... Qc1+ 35. Bf1 Qg5+ $11) 30... Qf8 31. Nd7 {[%emt 0:00:56] Excellent horsemanship.} ({Not} 31. Qxb4 Nxd5 32. Qd4 Qd6 $16) 31... Qa8 32. Ne7+ Kh8 33. Qxb4 Qd8 {[%emt 0:01:27] Dodges d6} 34. d6 Ba5 35. Qxf4 Qxd7 36. Bc4 Bd8 37. Bxf7 Bb1 {[%emt 0:00:31] [#]} 38. Be6 $1 {[%emt 0:01:08][%mdl 512] Weighted Error Value: White=0.01 (flawless) /Black=0.48.  Loses game:     	---       	Black=1      Mistake:       	---       	Black=2      Inaccurate:     	---       	Black=2      OK:         	White=11    	Black=11     Best:        	White=4     	---        Strong:       	White=2     	---} 1-0

[Event "Chinese League Division-A 2024"]
[Site "Fuling Chongqing"]
[Date "2024.06.26"]
[Round "1.12"]
[White "Wang, Zihang"]
[Black "Xiao, Tong"]
[Result "0-1"]
[ECO "B51"]
[WhiteElo "2028"]
[BlackElo "2518"]
[Annotator "TA"]
[PlyCount "101"]
[EventDate "2024.06.28"]
[EventType "team-tourn"]
[EventCountry "CHN"]
[SourceTitle "playchess.com"]
[Source "ChessBase"]
[SourceQuality "1"]
[TimeControl "40/5400+30:1800+30"]

1. e4 c5 2. Nf3 d6 3. Bb5+ Nd7 4. d4 cxd4 5. Nxd4 Ngf6 6. Bd3 Nc5 7. Nc3 g6 8. f3 {[%emt 0:02:54] White is slightly better.} Bg7 9. Be3 a6 10. a4 h5 11. O-O O-O 12. Qd2 Nxd3 13. Qxd3 Qa5 14. Rfd1 Re8 15. Nce2 Qc7 16. c4 b6 17. Nc3 e6 18. Rac1 Bb7 19. Nde2 Bf8 20. b3 Nd7 21. Rd2 Rac8 22. Rcd1 Bc6 23. Kh1 Qb7 (23... Qb8 $11) 24. Nd4 Ne5 25. Qe2 Bd7 (25... Nd7 $14) 26. Bf4 ({White should try} 26. Qf2 $16) 26... f6 (26... Nxc4 $11 27. bxc4 e5) 27. Be3 $16 Kh7 (27... Nf7 $142) 28. h3 Nf7 29. Qf2 Bg7 {[%emt 0:04:06] [#]} 30. f4 $1 e5 (30... f5 $16) 31. Nde2 $18 b5 32. axb5 axb5 33. cxb5 (33. f5 $18) 33... exf4 $14 {[%emt 0:03:42] [#]} 34. Bxf4 ({Better is} 34. Bd4 $1 $16) 34... Bxb5 $11 35. Nxb5 Qxb5 36. Qf3 Qb7 37. Rd5 Qe7 ({Black should play} 37... Rc5 $15) 38. Bxd6 Qxe4 (38... Nxd6 {simplifies} 39. Rxd6 Qxe4 40. Qxe4 Rxe4 41. Nd4 Rce8) 39. Ng1 Ng5 $1 40. Qg3 Qc2 {[%emt 0:00:00] And now ...Ne4 would win.} 41. Qd3 Ne4 (41... Rc3 {simplifies} 42. Qxc2 Rxc2 43. Kh2 Ne4) 42. Kh2 Rc3 43. Qxc2 Rxc2 44. Bg3 (44. Nf3 $142) 44... Ra8 $17 {[%emt 0:03:47] Threatens to win with ...Raa2.} 45. Nf3 Raa2 46. Rg1 Rc3 $40 {[%emt 0:01:08][%csl LRb3,LRf3][%mdl 128] Black is out for blood.} 47. Rf1 Rxb3 {[%emt 0:00:26] ...Rbb2 would now be deadly. Black is much more active.} 48. Rd4 $2 {[%emt 0:00:52] [#]} (48. Bc7 $17) 48... Rbb2 $1 $19 49. Ne1 (49. Rg1 Nc3) 49... Re2 {[%emt 0:01:08] Strongly threatening ...Nxg3.} 50. Rd1 g5 51. h4 {[%emt 0:01:01] Never resign too early!   Weighted Error Value: White=0.25 (precise) /Black=0.16 (very precise) .  Loses game:     	White=1     	---        Missed win:     	White=1     	---        Mistake:       	White=3     	Black=6      Inaccurate:     	White=4     	Black=2      OK:         	White=16    	Black=19     Best:        	White=1     	Black=2      Strong:       	White=1     	Black=1} 0-1